Map: Blackrock LE

Players

dubidubab - Winner!

  • Race: Terran Terran
  • Spawn Location: 1:00

RipNHammer

  • Race: Terran Terran
  • League: Master
  • Spawn Location: 7:00

VOD

Have the link to the VOD?

Description

Time

  • Played on: Sept. 6, 2026, 11:15 a.m.
  • Length: 15:16
Show
View Real Time Build Order
Export as new Build Order

dubidubab Terran - Winner!

Build Orders:  

Get SALT Encoding   

  8  0:00  SCV  
  9  0:12  SCV  
  10  0:24  SCV  
  11  0:36  SCV  
  11  0:41  Supply Depot  
  12  0:48  SCV  
  13  1:03  Barracks  
  13  1:06  Refinery  
  13  1:21  Barracks  
  13  1:25  SCV  
  14  1:34  Refinery  
  15  1:40  SCV  
  15  1:50  Reaper  
  16  2:08  Reaper  
  17  2:13  Orbital Command  
  17  2:24  Reaper  
  18  2:41  Supply Depot, Reaper  
  19  2:58  Reaper  
  20  2:59  SCV  
  21  3:11  SCV  
  22  3:15  Reaper  
  22  3:16  Factory  
  22  3:23  SCV  
  23  3:36  SCV  
  24  3:48  SCV  
  25  3:53  Supply Depot  
  25  4:00  SCV, Starport, Factory Tech Lab  
  26  4:12  SCV  
  27  4:18  Command Center  
  27  4:22  Cyclone  
  30  4:26  SCV  
  31  4:38  Starport Tech Lab  
  31  4:40  SCV  
  31  4:44  Supply Depot  
  32  4:55  Barracks Reactor  
  32  4:56  Siege Tank  
  35  5:08  Raven  
  35  5:10  SCV  
  38  5:19  Interference Matrix, Refinery  
  38  5:21  Refinery  
  38  5:23  SCV  
  39  5:31  Marine x2  
  42  5:35  SCV  
  42  5:42  Raven  
  44  5:47  SCV  
  44  5:49  Marine x2  
  47  6:02  Orbital Command, SCV  
  48  6:06  Barracks, Marine  
  48  6:07  Marine  
  48  6:10  Barracks  
  50  6:14  SCV  
  51  6:19  Raven  
  53  6:27  Marine x2  
  53  6:29  Siege Tank  
  58  6:41  Supply Depot  
  58  6:42  Supply Depot  
  58  6:43  Engineering Bay  
  58  6:55  Barracks Tech Lab  
  58  7:02  Marine x2, SCV x2  
  62  7:08  Starport Reactor  
  62  7:09  Terran Infantry Weapons Level 1  
  62  7:12  Supply Depot  
  62  7:14  SCV x2  
  51  7:38  Marine x3  
  51  7:39  Marine, Combat Shield, Stimpack  
  51  7:41  Siege Tank  
  51  7:42  SCV x2  
  60  7:53  Medivac x2  
  60  7:54  SCV  
  60  7:55  SCV  
  60  7:58  Marine x2, Supply Depot  
  66  8:00  Marine  
  66  8:02  Marine  
  70  8:06  SCV  
  70  8:07  SCV  
  70  8:11  Supply Depot  
  72  8:18  SCV  
  73  8:20  Marine x3  
  73  8:21  Marine  
  77  8:28  Siege Tank  
  77  8:29  Medivac  
  77  8:31  Medivac  
  84  8:36  SCV  
  84  8:38  SCV, Marine  
  87  8:50  Marine x3  
  90  8:56  Marine, SCV x2  
  93  9:03  Terran Infantry Armor Level 1  
  93  9:08  SCV x2  
  93  9:09  Marine  
  95  9:10  Marine x2  
  98  9:20  Marine  
  98  9:21  Command Center  
  99  9:30  Marine  
  99  9:31  Marine x2  
  102  9:32  SCV x2  
  102  9:38  Marine  
  100  9:50  Command Center  
  96  10:04  Siege Tank, Medivac x2, Marine x3  
  96  10:05  Marine  
  102  10:09  SCV x2  
  102  10:12  Barracks x2  
  104  10:14  Supply Depot  
  102  10:21  SCV  
  102  10:22  SCV  
  104  10:33  SCV  
  103  10:43  Marine  
  103  10:44  Marine x3, Medivac x2, Siege Tank  
  103  10:46  SCV x2  
  103  10:47  Orbital Command  
  113  11:01  Marine x2  
  113  11:02  Marine x2  
  113  11:03  Barracks Tech Lab x2  
  117  11:05  Supply Depot  
  117  11:07  Supply Depot  
  117  11:14  SCV x3  
  117  11:17  Refinery  
  117  11:19  Marine x2  
  117  11:23  Armory  
  113  11:27  Armory  
  113  11:38  Marine x2  
  113  11:39  Marauder x2  
  119  11:40  Marauder  
  119  11:42  Siege Tank  
  124  11:49  Factory, SCV x3  
  124  11:54  Barracks Reactor  
  126  12:01  SCV x2  
  127  12:11  Marine x3  
  127  12:12  Marine x2  
  127  12:13  Viking x2  
  127  12:14  SCV x2  
  119  12:30  Marine x4, Marauder x2  
  119  12:31  Marauder, SCV x2  
  119  12:32  Siege Tank  
  132  12:49  Marine  
  129  12:52  Marauder x3  
  133  12:59  SCV x3  
  134  13:18  Siege Tank, Medivac x2  
  141  13:23  Marauder x3  
  141  13:24  Marine  
  141  13:25  Marine x3  
  151  13:29  Orbital Command  
  151  13:30  SCV  
  151  13:39  Siege Tank  
  154  13:42  Marine  
  154  13:45  Marauder  
  137  13:50  Siege Tank  
  133  13:56  Marine  
  133  13:57  Marauder x2, Marine x2  
  133  14:00  Marine  
  133  14:02  SCV x4  
  145  14:07  Marauder, Missile Turret  
  145  14:08  Missile Turret  
  145  14:09  Missile Turret  
  147  14:14  SCV x3  
  148  14:45  Marine x4, Marauder x3  
Show
View Real Time Build Order
Export as new Build Order

RipNHammer Terran 

Build Orders: Mech 

Get SALT Encoding   

  8  0:00  SCV  
  9  0:12  SCV  
  10  0:24  SCV  
  11  0:37  SCV  
  11  0:41  Supply Depot  
  12  0:49  SCV  
  13  1:02  SCV  
  13  1:04  Barracks  
  14  1:09  Refinery  
  14  1:15  SCV  
  14  1:16  Refinery  
  15  1:27  SCV  
  16  1:39  SCV  
  17  1:51  Reaper, Orbital Command  
  18  2:05  Factory  
  18  2:18  SCV  
  18  2:20  Supply Depot  
  19  2:26  Reaper  
  20  2:34  SCV  
  21  2:47  SCV  
  21  2:50  Hellion  
  23  3:00  Reaper  
  23  3:04  Starport  
  21  3:16  Hellion  
  23  3:24  SCV  
  24  3:34  Reaper  
  24  3:36  SCV  
  24  3:37  Supply Depot  
  24  3:38  Hellion  
  28  3:46  Starport Tech Lab  
  28  3:51  SCV  
  29  4:04  SCV  
  33  4:17  Command Center  
  30  4:28  SCV  
  31  4:38  Siege Tank  
  34  4:40  SCV  
  34  4:45  Supply Depot  
  35  4:51  Barracks Reactor  
  35  4:53  SCV  
  34  5:08  SCV  
  34  5:12  Siege Tank  
  38  5:20  SCV  
  39  5:26  Liberator  
  42  5:31  Refinery  
  42  5:33  Orbital Command  
  42  5:34  SCV  
  43  5:38  Refinery  
  43  5:44  Siege Tank  
  43  5:46  Marine x2  
  48  5:50  Orbital Command  
  48  5:52  SCV  
  49  6:04  Marine x2  
  49  6:05  SCV, Supply Depot  
  49  6:10  Viking  
  54  6:16  Siege Tank, SCV  
  58  6:21  Supply Depot  
  58  6:26  SCV  
  58  6:28  Marine x2  
  58  6:29  SCV  
  62  6:39  SCV  
  63  6:41  Viking  
  63  6:43  SCV  
  63  6:47  Supply Depot  
  66  6:51  SCV  
  67  6:56  Command Center  
  67  6:58  Marine  
  67  6:59  Marine  
  41  7:37  Siege Tank  
  41  7:43  SCV x2  
  46  7:51  Viking x2  
  46  7:55  SCV x2, Factory  
  46  7:57  Factory  
  52  8:07  SCV x2  
  52  8:10  Orbital Command  
  54  8:13  Factory  
  54  8:14  Siege Tank  
  54  8:19  SCV x2  
  59  8:20  Refinery  
  59  8:23  Viking x2  
  62  8:31  SCV  
  62  8:34  SCV  
  64  8:35  SCV  
  64  8:40  Factory Tech Lab  
  65  8:42  Factory Tech Lab  
  65  8:43  SCV  
  66  8:52  Siege Tank  
  68  8:57  Viking x2  
  68  8:58  SCV  
  68  9:00  Factory Tech Lab  
  68  9:01  Supply Depot  
  68  9:02  Cyclone, Siege Tank  
  79  9:05  Supply Depot  
  79  9:09  SCV  
  81  9:10  SCV x2  
  80  9:21  Siege Tank, SCV  
  84  9:26  Supply Depot  
  84  9:29  Viking  
  84  9:31  Viking  
  88  9:32  Siege Tank  
  88  9:35  SCV x2  
  93  9:47  Cyclone, Siege Tank  
  94  9:54  Hellion  
  95  10:11  Barracks Reactor  
  89  10:23  Supply Depot  
  89  10:25  Liberator  
  89  10:26  Siege Tank  
  89  10:27  Siege Tank  
  98  10:32  SCV  
  90  11:00  Orbital Command  
  90  11:08  Liberator  
  93  11:13  Cyclone  
  93  11:15  Hellion  
  98  11:32  Cyclone  
  101  11:38  Orbital Command, SCV x2  
  103  11:50  Siege Tank  
  103  11:51  SCV  
  107  11:59  Siege Tank  
  107  12:00  SCV  
  111  12:08  Refinery  
  111  12:09  SCV  
  111  12:10  Supply Depot  
  111  12:11  Supply Depot  
  99  12:27  SCV x2  
  93  12:39  SCV  
  93  12:41  Command Center  
  73  13:13  SCV  
  73  13:25  SCV  
  71  13:36  Command Center  
  71  13:40  Factory Tech Lab x2  
  71  13:42  Factory Tech Lab  
  71  13:46  Factory Tech Lab  
  59  14:01  Supply Depot  
  59  14:02  Supply Depot x2  
  59  14:03  Supply Depot  
  59  14:12  Refinery  
  59  14:15  Refinery  
  59  14:19  Supply Depot  
  59  14:20  Refinery, Supply Depot x2  
  59  14:23  Orbital Command  
  59  14:24  SCV, Siege Tank, Cyclone  
  66  14:40  SCV, Siege Tank x2  
  73  14:53  SCV  
  73  15:09  Supply Depot  
Tags
 
Composition
Mech
League
Master
Matchup
TvT
Race
Terran
Replay Pack
RipNHammer
Spawn Locations
Cross Positions
Add a new tag
Caveats
  • Supply blocks, unpowered buildings, or Contaminate may cause inaccurate times.
  • Supply counts are checked every 10 seconds.